 Dungeon Crawl Stone Soup version 0.30-a0-149-g7f746667c4 (webtiles) character file.

Game seed: 17216480103007218753

1913 Flugkiller the Trooper (level 8, -1/59 (64) HPs)
             Began as a Mummy Wanderer on Sept 26, 2022.
             Was a Priest of Ru.
             Slain by an ogre
             ... wielding a +0 giant spiked club
              (25 damage)
             ... on level 5 of the Dungeon.
             The game lasted 00:13:50 (9459 turns).

Flugkiller the Trooper (Mummy Wanderer)             Turns: 9459, Time: 00:13:51

HP:   -1/59 (64)    AC: 14    Str: 17    XL:     8   Next: 95%
MP:   12/12         EV:  7    Int: 12    God:    Ru [***...]
Gold: 300           SH:  0    Dex: 11    Spells: 8/12 levels left

rFire   + . .      SeeInvis .    q - +2 mace
rCold   + + .      Faith    +    (no shield)
rNeg    + + +      Spirit   .    o - +0 chain mail
rPois   ∞          Reflect  .    r - +0 helmet
rElec   +          Harm     .    s - +0 cloak
rCorr   +          Rampage  .    (no gloves)
Will    +....                    j - +1 pair of boots of Cowits {rElec rC+ rCorr}
Stlth   ..........               (no amulet)
HPRegen 0.19/turn                p - ring of protection from fire
MPRegen 0.13/turn                f - ring of protection from fire

@: exhausted, drained
A: cold resistance 1, negative energy resistance 3, torment resistance 2, heat
vulnerability 1, inability to use devices, no conjurations magic, no earth
magic, no transmutations magic, in touch with death 1, no potions, faith
a: Renounce Religion, Draw Out Power


You were on level 5 of the Dungeon.
You worshipped Ru.
Ru was most pleased with you.
You visited 1 branch of the dungeon, and saw 6 of its levels.

You collected 300 gold pieces.

Inventory:

Hand Weapons
 a - a +0 club
 d - a +0 rapier
   (You found it on level 1 of the Dungeon)
 n - a +0 war axe
   (You took it off an orc on level 4 of the Dungeon)
 q - a +2 mace (weapon)
   (You took it off a wight on level 4 of the Dungeon)
 w - a +5 long sword of freezing
   (You took it off a wight on level 5 of the Dungeon)
Missiles
 m - a boomerang (quivered)
Armour
 c - a +0 ring mail
 j - the +1 pair of boots of Cowits (worn) {rElec rC+ rCorr}
   (You found it on level 2 of the Dungeon)

   rC:        It protects you from cold.
   rElec:     It insulates you from electricity.
   rCorr:     It protects you from acid and corrosion.
 o - a +0 chain mail (worn)
   (You took it off an orc on level 4 of the Dungeon)
 r - a +0 helmet (worn)
   (You found it on level 5 of the Dungeon)
 s - a +0 cloak (worn)
   (You found it on level 5 of the Dungeon)
 x - a +2 robe of fire resistance
   (You took it off an orc wizard on level 6 of the Dungeon)
 y - a scarf of harm
   (You found it on level 6 of the Dungeon)
Jewellery
 f - a ring of protection from fire (right hand)
   (You found it on level 5 of the Dungeon)
 i - a ring of see invisible
   (You found it on level 6 of the Dungeon)
 p - a ring of protection from fire (left hand)
   (You found it on level 5 of the Dungeon)
Scrolls
 b - 2 scrolls of fear
 e - 3 scrolls of butterflies
 g - a scroll of enchant weapon
 h - a scroll of amnesia
 k - a scroll of vulnerability
 l - 2 scrolls of immolation
 t - a scroll of teleportation
 u - a scroll of summoning {unknown}
 v - a scroll of enchant armour {unknown}
 z - 2 scrolls of blinking


   Skills:
 - Level 6.0 Fighting
 + Level 1.9(3.7) Axes
 - Level 4.9(5.1) Maces & Flails
 + Level 4.5 Armour
 - Level 2.9 Spellcasting
 - Level 2.4 Translocations
 - Level 3.0 Air Magic


You had 8 spell levels left.
You knew the following spells:

 Your Spells              Type           Power      Damage    Failure   Level
a - Shock                 Conj/Air       20%        1d4       87%         1
w - Swiftness             Air            9%         N/A       96%         3

Your spell library contained the following spells:

 Spells                   Type           Power      Damage    Failure   Level
 Apportation              Tloc           14%        N/A       77%         1
 Poisonous Vapours        Pois/Air       10%        N/A       95%         2
 Lesser Beckoning         Tloc           7%         N/A       98%         3
 Portal Projectile        Hex/Tloc       8%         N/A       99%         3
 Tukima's Dance           Hex            1%         N/A       100%        3
 Manifold Assault         Tloc           7%         N/A       100%        4
 Olgreb's Toxic Radiance  Pois           1%         N/A       100%        4
 Summon Hydra             Summ           0%         N/A       100%        7
 Sandblast                Erth           Unusable   2d4       N/A         1
 Sting                    Tmut/Pois      Unusable   1d3       N/A         1
 Passwall                 Tmut/Erth      Unusable   N/A       N/A         2
 Sublimation of Blood     Necr           Unusable   N/A       N/A         2
 Wereblood                Tmut           Unusable   N/A       N/A         2
 Stone Arrow              Conj/Erth      Unusable   3d7       N/A         3
 Blade Hands              Tmut           Unusable   N/A       N/A         5

Dungeon Overview and Level Annotations

Branches:
Dungeon (6/15) Zot: 25093  Temple (0/1) D:4

Altars:
Kikubaaqudgha
Okawaru
Ru
Wu Jian


Innate Abilities, Weirdness & Mutations

You are immune to poison.
Your flesh is cold resistant. (rC+)
You are immune to negative energy. (rN+++)
You are immune to unholy pain and torment.
You are vulnerable to heat. (rF-)
You cannot study or use magical devices.
You cannot study or cast Conjurations magic.
You cannot study or cast Earth magic.
You cannot study or cast Transmutations magic.
You are in touch with the powers of death.
You do not drink.
You have a special connection with the divine. (Faith)


Message History

You thump the wight! Your punch misses the wight.
The wight is heavily damaged.
You redirect the wight's attack!
The wight hits itself with a +0 quarterstaff.
You hit the wight but do no damage.
The wight is severely damaged.
The wight hits you but does no damage.
You hit the wight.
The wight is almost destroyed.
The wight barely misses you.
You hit the wight but do no damage.
The wight is almost destroyed.
The wight hits you but does no damage.
You closely miss the wight.
The wight is almost destroyed.
The wight barely misses you.
You hit the wight.
You destroy the wight!
Things that are here:
a +0 quarterstaff; a +0 robe
There is a stone staircase leading down here.
You climb downwards.
There is a stone staircase leading up here.
The wight hits you but does no damage.
Things that are here:
a +0 robe; a +0 halberd You hit the wight.
The wight is lightly damaged.
The wight hits you with a +4 halberd of freezing!
You hit the wight but do no damage.
The wight is lightly damaged.
The wight hits you with a +4 halberd of freezing!
The wight freezes you.
You hit the wight but do no damage.
The wight is lightly damaged.
The wight hits you with a +4 halberd of freezing.
The wight hits you but does no damage.
You closely miss the wight.
The wight is lightly damaged.
The wight hits you but does no damage.
You sock the wight!
The wight is heavily damaged.
The wight hits you with a +4 halberd of freezing.
You hit the wight but do no damage. Your punch misses the wight.
The wight is heavily damaged.
The wight hits you but does no damage.
You hit the wight.
The wight is heavily damaged.
The wight hits you with a +4 halberd of freezing!
The wight freezes you.
You barely miss the wight.
The wight is heavily damaged.
The wight hits you with a +4 halberd of freezing.
You hit the wight.
The wight is almost destroyed.
The wight hits you with a +4 halberd of freezing.
You are restored by drawing out deep reserves of power within.
You feel drained. The wight hits you but does no damage.
You sock the wight!
You destroy the wight!
Things that are here:
a +4 halberd of freezing; 5 stones; a +0 robe You start resting.
You feel less exhausted.
Items here: )) [[.
An ogre is nearby!
An ogre is nearby!
An ogre is nearby!
The ogre shouts!
The ogre pulls the alarm!
The alarm trap emits a blaring wail!
A sentinel's mark forms upon you.
You hear a shout!
You hear an angry hiss.
An ogre is nearby!
An ogre is nearby!
An ogre is nearby!
An ogre is nearby!
An ogre is nearby!
An ogre is nearby!
Items here: )) [[.
The sentinel's mark upon you fades away.
Things that are here:
a +4 halberd of freezing; 5 stones; a +0 robe
Things that are here:
a +0 robe; a +0 halberd
There is a stone staircase leading up here.
You sock the ogre!
The ogre is moderately wounded.
The ogre hits you with a +0 giant spiked club!
You hit the ogre. You punch the ogre.
The ogre is heavily wounded.
The ogre hits you with a +0 giant spiked club!!
You climb upwards.
There is a stone staircase leading down here.
You are restored by drawing out deep reserves of power within.
You feel drained.
The ogre hits you with a +0 giant spiked club!!
The ogre attacks as you move away!
The ogre hits you with a +0 giant spiked club!!
You die...

#.............#
#..######[##.##
#............# ##
###########..####.###### .#
#.....^.......# #.# .#
#[............###.# .#
#.............'...# .#
#........O....######## O#
#......[@............# .#
#......############.## .#
######......# #.# .#
#...........############.##
.#
#.#########.#.............#
.# #.# #.#.......####..# .#
#.# #.######.#####..# .#
#.# ####.#.............#
.###.# #..#.#.#.#########.#


You could see an ogre.

Vanquished Creatures
  A water moccasin (D:5)
  An ogre (D:5)
  A kobold brigand (D:5)
  2 phantoms (D:5)
  3 bullfrogs
  2 necrophages
  9 wights
  2 bullfrog zombies (D:4)
  A human zombie (D:4)
  2 orc priests
  4 hounds
  2 jellies (D:5)
  An iguana (D:4)
  3 orc wizards
  A hound zombie (D:4)
  3 mummies (D:4)
  9 adders
  3 white imps
  3 worms
  2 dart slugs
  14 orcs
  2 ball pythons
  A bat (D:4)
  5 endoplasms
  6 giant cockroaches
  7 goblins
  5 hobgoblins
  12 jackals
  4 kobolds
  2 frilled lizards
  7 rats
  A spectral kobold (D:1)
121 creatures vanquished.

Vanquished Creatures (others)
  A necrophage (D:4)
1 creature vanquished.

Grand Total: 122 creatures vanquished

Notes
Turn   | Place    | Note
-------+----------+-------------------------------------------
     0 | D:1      | Flugkiller the Mummy Wanderer began the quest for the Orb.
     0 | D:1      | Flugkiller set off with the following items: a +0 club, a
                  | scroll of fear, a +0 ring mail; and the following spells
                  | available to memorise: Apportation, Shock, Lesser
                  | Beckoning, Swiftness, Manifold Assault.
     0 | D:1      | Reached XP level 1. HP: 13/13 MP: 4/4
    27 | D:1      | Learned a level 1 spell: Shock
    78 | D:1      | Reached skill level 1 in Fighting
   160 | D:1      | Found a faded altar of an unknown god.
   269 | D:1      | Reached XP level 2. HP: 22/22 MP: 5/5
   315 | D:1      | Reached skill level 2 in Fighting
   892 | D:1      | Gained mutation: You are in touch with the powers of death.
                  | [Mummy growth]
   892 | D:1      | Reached XP level 3. HP: 16/27 MP: 1/7
  1318 | D:2      | Reached skill level 1 in Conjurations
  1656 | D:2      | Identified the +1 pair of boots of Cowits {rElec rC+ rCorr}
  1751 | D:2      | You fall into a shaft and drop 1 floor!
  1860 | D:3      | Found a sacrificial altar of Ru.
  1876 | D:3      | Became a worshipper of Ru the Awakened
  1928 | D:3      | Reached XP level 4. HP: 32/33 MP: 8/8
  2775 | D:4      | Reached XP level 5. HP: 36/38 MP: 9/9
  3744 | D:3      | Gained mutation: You cannot study or use magical devices.
                  | [Ru sacrifice]
  3744 | D:3      | Reached * piety under Ru
  3744 | D:3      | Reached ** piety under Ru
  4321 | D:4      | Reached skill level 3 in Fighting
  4321 | D:4      | Reached XP level 6. HP: 21/47 MP: 4/10
  5073 | D:4      | Found a staircase to the Ecumenical Temple.
  5111 | D:4      | Found an iron altar of Okawaru.
  5328 | D:4      | Reached skill level 4 in Fighting
  5445 | D:4      | Found an ornate altar of the Wu Jian Council.
  5470 | D:4      | Reached skill level 1 in Maces & Flails
  5683 | D:4      | Reached XP level 7. HP: 45/54 MP: 11/11
  5877 | D:4      | Found an ancient bone altar of Kikubaaqudgha.
  6070 | D:5      | Entered Level 5 of the Dungeon
  6678 | D:5      | Reached XP level 8. HP: 61/61 MP: 7/12
  7251 | D:5      | Reached skill level 5 in Fighting
  7369 | D:5      | Learned a level 3 spell: Swiftness
  7485 | D:5      | Gained mutation: You cannot study or cast Earth magic. [Ru
                  | sacrifice]
  7485 | D:5      | Gained mutation: You cannot study or cast Transmutations
                  | magic. [Ru sacrifice]
  7485 | D:5      | Gained mutation: You cannot study or cast Conjurations
                  | magic. [Ru sacrifice]
  7485 | D:5      | Reached *** piety under Ru
  8785 | D:6      | Reached skill level 6 in Fighting
  8896 | D:6      | Reached skill level 1 in Axes
  9459 | D:5      | Slain by an ogre

Illustrated notes

Levels and vault maps discovered:
D:1:      lightli_arrival_boilingwater, layout_rooms,
          dreamdust_ecumenical_altar_drowned_temple
D:2:      minmay_diamond_boxcup, layout_basic, nicolae_elevator_lobby_asterisk
D:3:      layout_basic, mainiacjoe_overflow_small_starburst
D:4:      layout_loops_ring, nzn_wu_jian_contemplation,
          lemuel_mausoleum_altar_kikubaaqudgha, okawaru_ov_weapons_minmay,
          minmay_temple_entry_ruins
D:5:      layout_basic
D:6:      layout_loops_ring, ebering_ghost_rock_garden, feat_on_display

Skill      XL: |  1  2  3  4  5  6  7  8 |
---------------+-------------------------+-----
Fighting       | 1 2 3 4 6 |  6.0
Conjurations   | 1 2 3 0 |  0.0
Air Magic      | 2 3 |  3.0
Evocations     | 0 |  0.0
Maces & Flails | 2 4 |  4.9
Armour         | 3 4 |  4.5
Axes           | 1 |  1.9
Spellcasting   | |  2.9
Translocations | |  2.4

Action                   |  1- 3 |  4- 6 |  7- 9 || total
-------------------------+-------+-------+-------++-------
Melee: Rapier            |   140 |   129 |       ||   269
       Club              |     6 |       |       ||     6
       Punch             |     1 |     2 |     3 ||     6
       Mace              |       |    49 |   297 ||   346
Throw: Boomerang         |       |       |     7 ||     7
 Cast: Shock             |    26 |    62 |    45 ||   133
Invok: Sacrifice Artific |       |     1 |       ||     1
       Draw Out Power    |       |       |     6 ||     6
       Sacrifice Arcana  |       |       |     1 ||     1
  Use: Scroll            |     1 |     7 |     1 ||     9
 Stab: Distracted        |       |       |     1 ||     1
       Invisible         |       |       |     2 ||     2
Armor: Ring mail         |    83 |   112 |   129 ||   324
       Chain mail        |       |       |    20 ||    20
Dodge: Dodged            |    89 |   120 |   158 ||   367

Table legend: (Time is in decaauts)
 A = Elapsed time spent in this place.
 B = Non-inter-level travel time spent in this place.
 C = Inter-level travel time spent in this place.
 D = Time resting spent in this place.
 E = Time spent auto-exploring this place.
 F = Levels seen in this place.
 G = Mean time per level.
                   A        B        C        D        E       F      G
               +--------+--------+--------+--------+--------+-----+--------+
         Total |   9609 |   9264 |    345 |   4109 |   2833 |   6 | 1601.5 |
       Dungeon |   9609 |   9264 |    345 |   4109 |   2833 |   6 | 1601.5 |
               +--------+--------+--------+--------+--------+-----+--------+

Top non-repeatable levels by time:
     D:4: 2546 daAuts
     D:5: 2137 daAuts
     D:3: 1428 daAuts
     D:6: 1229 daAuts
     D:1: 1155 daAuts
     D:2: 1112 daAuts
